 Dungeon Crawl Stone Soup version 0.17-a0-1769-g54adf96 (webtiles) character file.

443 luca467 the Insei (level 6, -1/48 HPs)
             Began as a Demonspawn Monk on Sept 7, 2015.
             Was a Believer of Nemelex Xobeh.
             Slain by a centaur (4 damage)
             ... on level 5 of the Dungeon.
             The game lasted 00:20:20 (3397 turns).

luca467 the Insei (Demonspawn Monk)                 Turns: 3397, Time: 00:20:20

Health: -1/48      AC:  5    Str: 11    XL:     6   Next: 71%
Magic:  6/6        EV: 14    Int: 12    God:    Nemelex Xobeh [**....]
Gold:   212        SH:  0    Dex: 17    Spells: 0 memorised, 5 levels left

rFire  . . .     SeeInvis +       - Unarmed
rCold  . . .     Clarity  .     a - +2 robe
rNeg   . . .     SustAt   .     (no shield)
rPois  .         Gourm    .     (helmet unavailable)
rElec  .         Spirit   .     c - +0 cloak
rCorr  +         Warding  .     (no gloves)
rMut   .         Stasis   .     (no boots)
MR     .....                    k - amulet of resist corrosion
Stlth  ++........               (no ring)
                                (no ring)

@: drained, not resistant to hostile enchantments, unstealthy
A: antennae 3, powered by death 1
a: Renounce Religion


You were on level 5 of the Dungeon.
You worshipped Nemelex Xobeh.
Nemelex Xobeh was pleased with you.
You were not hungry.

You visited 1 branch of the dungeon, and saw 5 of its levels.

You collected 212 gold pieces.

Inventory:

Armour
 a - a +2 robe (worn)
 c - a +0 cloak (worn)
Jewellery
 k - an amulet of resist corrosion (around neck)
Magical devices
 v - a wand of cold (7)
Scrolls
 e - a scroll of amnesia
 f - 2 scrolls of teleportation
 h - a scroll of recharging
 n - 3 scrolls of remove curse {unknown}
 o - a scroll of magic mapping {unknown}
 r - 2 scrolls of fear {unknown}
 w - a scroll of blinking {unknown}
Potions
 g - a potion of resistance {unknown}
 i - a potion of lignification
 m - a potion of brilliance {unknown}
 q - a potion of ambrosia {unknown}
 s - a potion of magic {unknown}
 u - a potion of curing
Miscellaneous
 j - an ornate deck of destruction
 l - a plain deck of war
 t - a plain deck of war
Comestibles
 b - 4 bread rations
 d - 4 meat rations
 p - a royal jelly
 x - a chunk of flesh


   Skills:
 + Level 4.2(3.4) Fighting
 + Level 4.3(3.5) Dodging
 - Level 1.8(1.1) Stealth
 * Level 5.9(5.0) Unarmed Combat


You had 5 spell levels left.
You didn't know any spells.

Dungeon Overview and Level Annotations

Branches:
Dungeon (5/15)
 Temple: D:4-7

Altars:
Nemelex Xobeh
Sif Muna
Vehumet

Annotations:
D:5 Edmund


Innate Abilities, Weirdness & Mutations

You have a pair of large antennae on your head (SInv).
You regenerate a little health from kills.


Message History

The centaur is moderately wounded.
The centaur hits you but does no damage.
The centaur closely misses you.
You hit the centaur but do no damage.
The centaur is moderately wounded.
The centaur hits you.
* * * LOW HITPOINT WARNING * * *
You hit the centaur but do no damage.
The centaur is moderately wounded.
The centaur misses you.
You hit the centaur.
The centaur is heavily wounded.
The centaur hits you.
* * * LOW HITPOINT WARNING * * *
The centaur misses you.
You hit the centaur.
The centaur is severely wounded.
The centaur hits you.
You die...
Your body glows slightly and disappears.

######...
#@c@.....
###..#...
.... #...
.. .


You could see Edmund and a centaur.

Vanquished Creatures
  Sigmund (D:3)
  A water moccasin skeleton (D:4)
  Ijyb (D:3)
  Jessica (D:2)
  Robin (D:3)
  2 gnolls
  A shadow imp (D:4)
  4 adders
  3 oozes
  2 giant geckos
  4 orcs (D:3)
  4 bats
  6 giant cockroaches
  15 hobgoblins
  11 kobolds
  A quokka (D:3)
  A ball python (D:1)
  4 giant newts
  15 goblins
  9 jackals
  11 rats
98 creatures vanquished.

Notes
Turn   | Place    | Note
--------------------------------------------------------------
     0 | D:1      | luca467 the Demonspawn Monk began the quest for the Orb.
     0 | D:1      | Reached XP level 1. HP: 18/18 MP: 1/1
   263 | D:1      | Gained mutation: You have a pair of small antennae on your head. [demonic ancestry]
   263 | D:1      | Reached XP level 2. HP: 24/24 MP: 2/2
   390 | D:1      | Reached skill level 4 in Unarmed Combat
   610 | D:1      | Gained mutation: You have a pair of antennae on your head. [demonic ancestry]
   610 | D:1      | Reached XP level 3. HP: 29/29 MP: 3/3
  1357 | D:2      | Noticed Jessica
  1423 | D:2      | Killed Jessica
  1423 | D:2      | Gained mutation: You regenerate a little health from kills. [demonic ancestry]
  1423 | D:2      | Reached XP level 4. HP: 25/35 MP: 4/4
  1633 | D:2      | Found a radiant altar of Vehumet.
  2039 | D:2      | Found a deep blue altar of Sif Muna.
  2183 | D:3      | Noticed Sigmund
  2207 | D:3      | Killed Sigmund
  2207 | D:3      | Reached skill level 5 in Unarmed Combat
  2207 | D:3      | Reached XP level 5. HP: 19/42 MP: 5/5
  2355 | D:3      | Gained mutation: You have a pair of large antennae on your head (SInv). [demonic ancestry]
  2355 | D:3      | Reached XP level 6. HP: 48/48 MP: 6/6
  2388 | D:3      | Noticed Robin
  2431 | D:3      | Killed Robin
  2508 | D:3      | Found a sparkling altar of Nemelex Xobeh.
  2515 | D:3      | Became a worshipper of Nemelex Xobeh the Trickster
  2515 | D:3      | Received a gift from Nemelex Xobeh
  2515 | D:3      | Received a gift from Nemelex Xobeh
  2615 | D:3      | Noticed Ijyb
  2654 | D:3      | Killed Ijyb
  2706 | D:3      | Received a gift from Nemelex Xobeh
  3336 | D:4      | Noticed Edmund
  3376 | D:5      | Entered Level 5 of the Dungeon
  3396 | D:5      | HP: 2/48 [centaur (3)]
  3397 | D:5      | Slain by a centaur

Vault maps used:
D:1:      minmay_arrival_up_and_down
D:2:      lemuel_round_altar, first_bread, lemuel_blue_sif_altar, uniq_jessica
D:3:      portal_sewer_entry_d, minmay_curled_crystal,
          nemelex_spade_bored_becter, uniq_sigmund, uniq_iyjb, uniq_robin
D:4:      uniq_crazy_yiuf_cottage, uniq_edmund
D:5:      okawaru_metal_pillars_3

Action                   |  1- 3 |  4- 6 || total
-------------------------+-------+-------++-------
Melee: Unarmed           |   175 |   296 ||   471
  Use: Scroll            |     6 |     1 ||     7
       Potion            |       |     1 ||     1
 Stab: Sleeping          |     1 |     4 ||     5
       Distracted        |     1 |     1 ||     2
  Eat: Chunk             |     2 |     5 ||     7
       Pizza             |       |     1 ||     1
